 Seeded DCSS version 0.29-a0-72-g1732ff48e7 (webtiles) character file.

Game seed: 10000000000011 (custom seed)

360 knot the Chopper (level 6, -3/70 HPs)
             Began as a Demonspawn Berserker on Feb 3, 2022.
             Was a Follower of Trog.
             Slain by Ijyb (5 damage)
             ... on level 4 of the Dungeon.
             The game lasted 00:03:41 (3986 turns).

knot the Chopper (Demonspawn Berserker)             Turns: 3986, Time: 00:03:41

Health: -3/70      AC:  2    Str: 18    XL:     6   Next: 38%
Magic:  6/6        EV: 12    Int: 10    God:    Trog [*.....]
Gold:   105        SH:  5    Dex: 12    Spells: 5/5 levels left

rFire   . . .      SeeInvis .   a - +0 hand axe
rCold   . . .      Faith    .   (no shield)
rNeg    . . .      Spirit   .   b - +0 animal skin
rPois   .          Reflect  +   (no helmet)
rElec   .          Harm     .   (no cloak)
rCorr   .          Rampage  .   (no gloves)
Will    .....                   (no boots)
Stlth   ..........              d - amulet of reflection
HPRegen 0.21/turn               (no ring)
MPRegen 0.20/turn               (no ring)

@: mighty, berserking, very quick
A: magic regeneration, demonic touch 2
a: Renounce Religion, Berserk


You were on level 4 of the Dungeon.
You worshipped Trog.
Trog was aware of your devotion.
You visited 2 branches of the dungeon, and saw 5 of its levels.

You collected 105 gold pieces.

Inventory:

Hand Weapons
 a - a +0 hand axe (weapon)
Missiles
 f - 91 stones (quivered)
 p - 4 boomerangs
Armour
 b - a +0 animal skin (worn)
Jewellery
 d - an amulet of reflection (around neck)
Wands
 o - a wand of polymorph (7)
Scrolls
 c - a scroll of amnesia {unknown}
 h - 2 scrolls of identify {unknown}
 m - 2 scrolls of blinking {unknown}
 n - a scroll of fog {unknown}
Potions
 e - a potion of curing {unknown}
 g - a potion of lignification {unknown}
 l - a potion of heal wounds {unknown}


   Skills:
 - Level 3.0 Fighting
 + Level 6.6 Axes
 - Level 1.7 Armour
 - Level 1.7 Dodging


You had 5 spell levels left.
You didn't know any spells.
Your spell library contained the following spells:

 Spells                   Type           Power      Damage    Failure   Level
 Corpse Rot               Necr/Air       0%         N/A       50%         2
 Ensorcelled Hibernation  Hex/Ice        0%         N/A       50%         2
 Passwall                 Tmut/Erth      0%         N/A       50%         2
 Poisonous Vapours        Pois/Air       0%         N/A       50%         2
 Swiftness                Air            0%         N/A       75%         3


Dungeon Overview and Level Annotations

Branches:
Dungeon (4/15)             Temple (1/1) D:4

Altars:
Qazlal

Shops:
D:3 [

Annotations:
D:4 Ijyb


Innate Abilities, Weirdness & Mutations

You regenerate magic rapidly.
Your touch may inflict irresistible damage on your foes.


Message History

Ijyb hits you with a +0 club.
* * * LOW HITPOINT WARNING * * *
You miss Ijyb. Your touch misses Ijyb.
Ijyb is heavily wounded.
Ijyb hits you with a +0 club.
* * * LOW HITPOINT WARNING * * *
You bump into the rock wall.
Ijyb hits you but does no damage.
It was a potion of might.
You feel very mighty all of a sudden.
You feel less confused. Ijyb hits you with a +0 club.
* * * LOW HITPOINT WARNING * * *
It was a potion of magic.
Magic courses through your body. Ijyb hits you but does no damage.
A red film seems to cover your vision as you go berserk!
You feel yourself moving faster!
You feel mighty! You block Ijyb's attack.
You barely miss Ijyb.
Ijyb is heavily wounded.
Ijyb barely misses you.
You hit Ijyb but do no damage. Your touch misses Ijyb.
Ijyb is heavily wounded.
Ijyb hits you with a +0 club.
* * * LOW HITPOINT WARNING * * *
You closely miss Ijyb.
Ijyb is heavily wounded.
You barely miss Ijyb.
Ijyb is heavily wounded.
Ijyb completely misses you.
You hit Ijyb. Your touch misses Ijyb.
Ijyb is almost dead.
Ijyb barely misses you.
You closely miss Ijyb.
Ijyb is almost dead.
You barely miss Ijyb.
Ijyb is almost dead.
Ijyb hits you with a +0 club.
* * * LOW HITPOINT WARNING * * *
You closely miss Ijyb.
Ijyb is almost dead.
Ijyb hits you with a +0 club.
You die...

.##.....[####........#
.#######).....######.#
..## ######.## #.#
#..## #..# #.# ##..#
##.# #.# ##.# #.#
###.### #.## #.#
###+### #..##
#.####⌠.⌠####.# ##..#
#..@gg.>.[..(.# ##.#
#.####⌠.⌠###### #.#
#.# ###'### #.## #.#
###.### #..## #)# #.#
...###..######## #.#
#............######.#
######..####.....#..#
##.# ##.##......


You could see Ijyb and a goblin.

Vanquished Creatures
  An ogre (D:3)
  A scorpion (D:4)
  Dowan (D:4)
  An orc priest (D:4)
  A centaur skeleton (D:4)
  5 adders
  2 orcs (D:4)
  6 endoplasms
  2 giant cockroaches
  3 goblins
  5 hobgoblins
  14 jackals
  2 ball pythons
  7 bats
  5 frilled lizards
  3 kobolds
  5 rats
64 creatures vanquished.

Notes
Turn   | Place    | Note
-------+----------+-------------------------------------------
     0 | D:1      | knot the Demonspawn Berserker began the quest for the Orb.
     0 | D:1      | Reached XP level 1. HP: 18/18 MP: 1/1
    85 | D:1      | Reached skill level 3 in Axes
   334 | D:1      | Gained mutation: You regenerate magic rapidly. [demonic
                  | ancestry]
   334 | D:1      | Reached XP level 2. HP: 24/24 MP: 2/2
  1379 | D:2      | Reached skill level 4 in Axes
  1379 | D:2      | Gained mutation: Your touch may inflict minor irresistible
                  | damage on your foes. [demonic ancestry]
  1379 | D:2      | Reached XP level 3. HP: 29/29 MP: 3/3
  1751 | D:2      | Reached XP level 4. HP: 18/35 MP: 4/4
  2207 | D:2      | Reached ** piety under Trog
  2423 | D:3      | Noticed an ogre
  2430 | D:3      | Killed an ogre
  2431 | D:3      | Reached skill level 5 in Axes
  2431 | D:3      | Reached XP level 5. HP: 22/41 MP: 5/5
  2675 | D:3      | Found Daocsar's Antique Armour Emporium.
  3382 | D:4      | Noticed Duvessa
  3531 | D:4      | Noticed Duvessa
  3531 | D:4      | Duvessa changed into Duvessa the scorpion
  3536 | D:4      | Killed Duvessa the scorpion
  3537 | D:4      | Reached skill level 6 in Axes
  3537 | D:4      | Gained mutation: Your touch may inflict irresistible damage
                  | on your foes. [demonic ancestry]
  3537 | D:4      | Reached XP level 6. HP: 47/47 MP: 6/6
  3605 | D:4      | Found a staircase to the Ecumenical Temple.
  3607 | D:4      | Noticed Ijyb
  3657 | D:4      | Noticed Dowan
  3672 | D:4      | Killed Dowan
  3675 | Temple   | Entered the Ecumenical Temple
  3985 | D:4      | HP: 2/70 [Ijyb (3)]
  3986 | D:4      | Slain by Ijyb

Illustrated notes

Levels and vault maps discovered:
D:1:      lordsloth_arrival_two_stooges, layout_basic, grunt_decor_fettered,
          minmay_misc_feat_diagonals, nicolae_concentric_dashed_squares_wild
D:2:      layout_rooms, hangedman_decor_clover_reticule
D:3:      layout_basic, serial_shops, shop, kennysheep_path_1
D:4:      layout_rooms, temple_doors_e, uniq_duvessa, uniq_ijyb
Temple:   dshaligram_water_room_temple

Skill      XL: |  1  2  3  4  5 |
---------------+----------------+-----
Axes           | 3 4 5 6 |  6.6
Fighting       | |  3.0
Armour         | |  1.7
Dodging        | |  1.7

Action                   |  1- 3 |  4- 6 || total
-------------------------+-------+-------++-------
Melee: Hand axe          |    94 |    90 ||   184
       Touch             |     6 |     8 ||    14
Throw: Dart              |       |     3 ||     3
Invok: Berserk           |     4 |     6 ||    10
Evoke: Wand              |       |     1 ||     1
  Use: Potion            |       |     2 ||     2
 Stab: Sleeping          |     1 |       ||     1
Armor: Animal skin       |    20 |    23 ||    43
Dodge: Dodged            |    53 |    50 ||   103
Block: Other             |    21 |    20 ||    41
       Reflection        |       |     2 ||     2

Table legend: (Time is in decaauts)
 A = Elapsed time spent in this place.
 B = Non-inter-level travel time spent in this place.
 C = Inter-level travel time spent in this place.
 D = Time resting spent in this place.
 E = Time spent auto-exploring this place.
 F = Levels seen in this place.
 G = Mean time per level.
                   A        B        C        D        E       F      G
               +--------+--------+--------+--------+--------+-----+--------+
         Total |   4081 |   4030 |     51 |   1630 |   1898 |   5 |  816.2 |
       Dungeon |   3796 |   3745 |     51 |   1346 |   1898 |   4 |  949.0 |
        Temple |    285 |    285 |      0 |    284 |      0 |   1 |  285.0 |
               +--------+--------+--------+--------+--------+-----+--------+

Top non-repeatable levels by time:
     D:1: 1398 daAuts
     D:3: 993 daAuts
     D:2: 949 daAuts
     D:4: 456 daAuts
  Temple: 285 daAuts
